Senators vs Panthers

Created - 9 novembre 2020 at 20:38

Goals
1 2 3 T
Senators 1 2 0 3
Panthers 1 1 2 4
Shots
1 2 3 T
Senators 8 14 9 31
Panthers 8 10 7 25

1st period

1. Panthers , Matt Calvert 3 (Zdeno Chara 3, Dylan Larkin 3) at 4:37
2. Senators , William Karlsson 3 (Derek Ryan 1, Alex Goligoski 3) at 10:42 (SH)

Penalties :
Mark Stone (OTT) for Hooking (Minor) at 2:30, Alexander Wennberg (OTT) for Hooking (Minor) at 8:24, Vladimir Tarasenko (OTT) for Tripping (Minor) at 10:02, Charlie McAvoy (FLA) for High sticking (Minor) at 12:22, Justin Falk (OTT) for Roughing (Minor) at 15:44

2nd period

3. Senators , Connor Brown 3 (Vladimir Tarasenko 4, Alex Goligoski 4) at 5:51
4. Senators , Alex Goligoski 1 (Jakob Chychrun 1, Connor Brown 2) at 11:35 (PP)
5. Panthers , Derek Grant 1 (Joe Thornton 2, Samuel Girard 6) at 18:39

Penalties :
Patrik Laine (FLA) for Tripping (Minor) at 0:04, Matt Calvert (FLA) for Tripping (Minor) at 11:13, Matt Calvert (FLA) for Unsportsmanlike conduct (Minor) at 12:45, Joe Thornton (FLA) for Holding (Minor) at 16:25, Mark Stone (OTT) for Holding (Minor) at 16:25

3rd period

6. Panthers , Mark Scheifele 3 (Jeff Petry 5) at 0:36
7. Panthers , Alex Ovechkin 8 (Aleksander Barkov 5) at 15:18

Penalties :
Joel Armia (FLA) for Tripping (Minor) at 10:40

Goalie Stats

Petr Mrazek (OTT), 21 saves from 25 shots - (0,840), L, 0-2-0, 59:44 minutes
Philipp Grubauer (FLA), 28 saves from 31 shots - (0,903), W, 2-0-0, 60:00 minutes

Players Stats for Senators

Player Name              G  A  P  +/- PIM S  H  SB GA TA FO     MP     PP MP  PK MP  
------------------------------------------------------------------------------------
Alex Goligoski           1  2  3   0  0   3  0  1  0  0  0/0    26:23   4:25   4:05 
Alexander Wennberg       0  0  0  -2  2   6  0  0  0  0  0/1    17:15   4:15   0:00 
Chris Wagner             0  0  0  -2  0   0  0  1  0  0  3/6     8:23   0:00   0:00 
Connor Brown             1  1  2   1  0   5  1  0  0  0  0/1    12:54   4:03   0:00 
Derek Ryan               0  1  1   1  0   0  0  0  0  0  1/1    13:58   0:00   2:05 
Eric Staal               0  0  0  -2  0   2  0  0  0  0  19/31  22:19   4:15   4:05 
Filip Chytil             0  0  0  -1  0   0  0  0  0  0  0/0     8:48   0:00   0:00 
Jakob Chychrun           0  1  1   0  0   2  4  0  0  0  0/0    26:23   4:25   4:05 
Jani Hakanpaa            0  0  0  -2  0   0  0  4  0  0  0/0    14:40   0:00   0:00 
Justin Falk              0  0  0  -2  2   0  5  2  0  0  0/0    14:39   0:00   0:00 
Mark Stone               0  0  0  -2  4   3  2  1  0  0  1/2    19:25   4:15   2:11 
Mike Green               0  0  0   0  0   1  1  1  0  0  0/0    18:57   3:53   3:30 
Paul Byron               0  0  0  -2  0   0  0  0  0  0  0/0     8:23   0:00   0:00 
Robert Hagg              0  0  0   0  0   0  1  1  0  0  0/0    18:57   3:53   3:30 
Valtteri Filppula        0  0  0  -1  0   1  0  0  0  0  5/10   12:08   0:00   0:00 
Vladimir Tarasenko       0  1  1   1  2   3  2  0  0  0  0/1    15:58   4:03   2:24 
Vladislav Namestnikov    0  0  0   0  0   1  2  0  0  0  1/1    12:14   0:00   0:00 
William Karlsson         1  0  1   2  0   4  1  0  0  0  13/22  18:16   4:03   4:03 

Players Stats for Panthers

Player Name              G  A  P  +/- PIM S  H  SB GA TA FO     MP     PP MP  PK MP  
------------------------------------------------------------------------------------
Aleksander Barkov        0  1  1   1  0   3  0  0  0  0  10/23  19:33   3:13   1:47 
Alex Ovechkin            1  0  1   1  0   3  2  0  0  0  0/0    19:08   3:13   1:29 
Charlie McAvoy           0  0  0   0  2   0  0  1  0  0  0/0    15:55   0:00   2:58 
Colton Parayko           0  0  0   1  0   2  2  1  0  0  0/0    20:27   3:59   0:58 
Derek Grant              1  0  1   1  0   1  0  0  0  0  8/12    9:42   0:00   5:02 
Dylan Larkin             0  1  1   0  0   3  0  0  0  0  5/8    13:08   0:00   2:17 
Jeff Petry               0  1  1   1  0   0  4  2  0  0  0/0    23:43   3:36   4:07 
Joe Thornton             0  1  1   1  2   1  0  0  0  0  0/2     4:18   0:00   0:00 
Joel Armia               0  0  0   0  2   0  1  0  0  0  1/3    14:11   0:00   4:09 
Mark Scheifele           1  0  1   0  0   5  1  1  0  0  6/19   19:20   4:22   0:00 
Matt Calvert             1  0  1   0  4   1  0  0  0  0  1/4    12:14   0:00   1:52 
Matthew Tkachuk          0  0  0   0  0   1  3  1  0  0  0/0    18:08   4:22   0:00 
Nikita Kucherov          0  0  0   1  0   2  0  0  0  0  2/3    17:30   3:13   0:00 
Oskar Sundqvist          0  0  0   1  0   1  0  0  0  0  0/1     4:19   0:00   0:00 
Patrik Laine             0  0  0   0  2   1  1  0  0  0  0/1    18:07   4:22   0:00 
Quinn Hughes             0  0  0   1  0   1  0  1  0  0  0/0    23:23   3:36   4:22 
Samuel Girard            0  1  1   1  0   0  1  0  0  0  0/0    19:55   3:59   0:00 
Zdeno Chara              0  1  1   0  0   0  1  4  0  0  0/0    16:36   0:00   4:11 

3 Stars

1 - Alex Goligoski (OTT)
2 - Connor Brown (OTT)
3 - Alex Ovechkin (FLA)

Power Play

Senators - 1 on 5 Attempt(s) - 20,00%
Panthers - 0 on 4 Attempt(s) - 0,00%

Penalty Kill

Senators - 4 on 4 Attempt(s) - 100,00% - Score 1 goal in Penalty Kill
Panthers - 4 on 5 Attempt(s) - 80,00% - Score 0 goal in Penalty Kill

Team Stat

Senators - Hits : 19 - Faceoff Wins : 43 - Blocked Shots : 11 - Penalty Minutes : 10
Panthers - Hits : 16 - Faceoff Wins : 33 - Blocked Shots : 11 - Penalty Minutes : 12

Official

Referees : Kyle Rehman and Ghislain Hebert
Linesman : Jeff Walker and Jim Harper

Game Notes

No Game Note

Finance

Level 1 -- Attendance: 5626 (93,77%) -- Ticket Income 703 250 $
Level 2 -- Attendance: 4529 (90,58%) -- Ticket Income 407 610 $
Level 3 -- Attendance: 3107 (88,77%) -- Ticket Income 217 490 $
Level 4 -- Attendance: 2482 (66,19%) -- Ticket Income 99 280 $
Luxury Box -- Attendance: 949 (94,90%) -- Ticket Income 213 525 $
Game was played at the BBT Center.
Total Attendance: 16693 (86,72%)
Total Ticket Income: 1 641 155 $
Other Income: 804 166 $
Total Income: 2 445 321 $

% Time on Ice - Senators

Lines # - Real PCT - Wanted PCT - Time Play
Normal Forward
1 - 30% - 40% - 12:24
2 - 21% - 30% - 8:51
3 - 29% - 20% - 11:53
4 - 20% - 10% - 8:23
Normal Defense
1 - 38% - 40% - 15:49
2 - 26% - 30% - 10:54
3 - 34% - 20% - 14:10
4 - 2% - 10% - 0:38
PP Forward
1 - 51% - 60% - 4:15
2 - 49% - 40% - 4:03
PP Defense
1 - 53% - 60% - 4:25
2 - 47% - 40% - 3:53
PK Forward
1 - 56% - 60% - 4:03
2 - 44% - 40% - 3:11
PK Defense
1 - 56% - 60% - 4:05
2 - 44% - 40% - 3:09
PK3 Forward
1 - 100% - 60% - 0:21
2 - 0% - 40% - 0:00
PK3 Defense
1 - 0% - 60% - 0:00
2 - 100% - 40% - 0:21
44 Forward
1 - 66% - 60% - 1:19
2 - 34% - 40% - 0:40
44 Defense
1 - 66% - 60% - 1:19
2 - 34% - 40% - 0:40
Last Minute Offensive  - 0:37
Last Minute Defensive  - 0:00
Total
Forward - 60:00
Defense - 60:00

% Time on Ice - Panthers

Lines # - Real PCT - Wanted PCT - Time Play
Normal Forward
1 - 33% - 33% - 13:39
2 - 33% - 33% - 13:46
3 - 24% - 24% - 10:03
4 - 10% - 10% - 4:19
Normal Defense
1 - 34% - 36% - 14:13
2 - 36% - 34% - 15:09
3 - 29% - 30% - 12:11
4 - 1% - 0% - 0:14
PP Forward
1 - 42% - 50% - 3:13
2 - 58% - 50% - 4:22
PP Defense
1 - 47% - 50% - 3:36
2 - 53% - 50% - 3:59
PK Forward
1 - 72% - 60% - 6:01
2 - 28% - 40% - 2:17
PK Defense
1 - 50% - 60% - 4:07
2 - 50% - 40% - 4:11
PK3 Forward
1 - 0% - 60%
2 - 0% - 40%
PK3 Defense
1 - 0% - 60%
2 - 0% - 40%
44 Forward
1 - 39% - 50% - 0:47
2 - 61% - 50% - 1:12
44 Defense
1 - 61% - 60% - 1:12
2 - 39% - 40% - 0:47
Last Minute Offensive  - 0:00
Last Minute Defensive  - 0:21
Total
Forward - 60:00
Defense - 60:00

Play-by-Play

1st period


0:01 of 1st period - Eric Staal wins face-off versus Aleksander Barkov in neutral zone.
0:04 of 1st period - Quinn Hughes is hit by Mark Stone and loses puck.
0:21 of 1st period - Shot by Mark Stone.
0:21 of 1st period - Shot Blocked by Quinn Hughes.
0:26 of 1st period - Off-side.
0:27 of 1st period - William Karlsson wins face-off versus Mark Scheifele in neutral zone.
0:27 of 1st period - Connor Brown is hit by Matthew Tkachuk and loses puck.
0:53 of 1st period - Icing by Samuel Girard.
0:54 of 1st period - Valtteri Filppula wins face-off versus Mark Scheifele in Panthers zone.
0:54 of 1st period - Valtteri Filppula is hit by Samuel Girard.
1:18 of 1st period - Shot by Mark Scheifele.
1:18 of 1st period - Stopped by Petr Mrazek without a rebound.
1:19 of 1st period - Dylan Larkin wins face-off versus Chris Wagner in Senators zone.
1:34 of 1st period - Icing by Jakob Chychrun.
1:35 of 1st period - Chris Wagner wins face-off versus Joe Thornton in Senators zone.
1:43 of 1st period - Alex Goligoski is hit by Jeff Petry and loses puck.
1:54 of 1st period - Shot by Oskar Sundqvist.
1:54 of 1st period - Stopped by Petr Mrazek with a rebound.
1:56 of 1st period - Shot by Joe Thornton.
1:56 of 1st period - Stopped by Petr Mrazek without a rebound.
1:57 of 1st period - Eric Staal wins face-off versus Joel Armia in Senators zone.
2:09 of 1st period - Off-side.
2:10 of 1st period - Aleksander Barkov wins face-off versus William Karlsson in neutral zone.
2:10 of 1st period - Alex Ovechkin is hit by Connor Brown and loses puck.
2:15 of 1st period - Shot by Vladimir Tarasenko.
2:15 of 1st period - Stopped by Philipp Grubauer without a rebound.
2:16 of 1st period - Eric Staal wins face-off versus Aleksander Barkov in Panthers zone.
2:27 of 1st period - Shot by Alexander Wennberg.
2:27 of 1st period - Stopped by Philipp Grubauer with a rebound.
2:30 of 1st period - Minor Penalty to Mark Stone for Hooking.
2:31 of 1st period - Eric Staal wins face-off versus Mark Scheifele in Senators zone.
2:57 of 1st period - Shot by Jeff Petry.
2:57 of 1st period - Shot Misses the Net.
2:59 of 1st period - Shot by Mark Scheifele.
2:59 of 1st period - Stopped by Petr Mrazek with a rebound.
3:09 of 1st period - Shot by William Karlsson.
3:09 of 1st period - Shot Misses the Net.
4:03 of 1st period - Shot by Alex Ovechkin.
4:03 of 1st period - Shot Hit the Post.
4:29 of 1st period - Shot by Mark Scheifele.
4:29 of 1st period - Shot Misses the Net.
4:31 of 1st period - Shot by Matt Calvert.
4:31 of 1st period - Shot Misses the Net.
4:33 of 1st period - Shot by Dylan Larkin.
4:33 of 1st period - Shot Blocked by Justin Falk.
4:35 of 1st period - Shot by Zdeno Chara.
4:35 of 1st period - Shot Blocked by Jani Hakanpaa.
4:37 of 1st period - Shot by Matt Calvert.
4:37 of 1st period - Goal by Matt Calvert - Senators : 0 - Panthers : 1.
4:38 of 1st period - Dylan Larkin wins face-off versus Chris Wagner in neutral zone.
4:56 of 1st period - Shot by Dylan Larkin.
4:56 of 1st period - Shot Misses the Net.
4:58 of 1st period - Shot by Joel Armia.
4:58 of 1st period - Shot Blocked by Chris Wagner.
5:37 of 1st period - Shot by Derek Grant.
5:37 of 1st period - Shot Misses the Net.
5:39 of 1st period - Shot by Colton Parayko.
5:39 of 1st period - Stopped by Petr Mrazek with a rebound.
5:51 of 1st period - Shot by Oskar Sundqvist.
5:51 of 1st period - Shot Misses the Net.
5:53 of 1st period - Shot by Derek Grant.
5:53 of 1st period - Shot Blocked by Jani Hakanpaa.
5:55 of 1st period - Shot by Colton Parayko.
5:55 of 1st period - Shot Misses the Net.
6:29 of 1st period - Shot by Aleksander Barkov.
6:29 of 1st period - Shot Misses the Net.
6:47 of 1st period - Alex Ovechkin is hit by Jakob Chychrun and loses puck.
7:12 of 1st period - Shot by Vladimir Tarasenko.
7:12 of 1st period - Stopped by Philipp Grubauer without a rebound.
7:13 of 1st period - Valtteri Filppula wins face-off versus Matt Calvert in Panthers zone.
8:02 of 1st period - Off-side.
8:03 of 1st period - William Karlsson wins face-off versus Mark Scheifele in neutral zone.
8:12 of 1st period - Shot by Connor Brown.
8:12 of 1st period - Shot Misses the Net.
8:16 of 1st period - Shot by Jakob Chychrun.
8:16 of 1st period - Shot Misses the Net.
8:18 of 1st period - Shot by Connor Brown.
8:18 of 1st period - Shot Blocked by Jeff Petry.
8:20 of 1st period - Shot by Jakob Chychrun.
8:20 of 1st period - Stopped by Philipp Grubauer with a rebound.
8:22 of 1st period - Shot by Connor Brown.
8:22 of 1st period - Stopped by Philipp Grubauer without a rebound.
8:23 of 1st period - Nikita Kucherov wins face-off versus Eric Staal in Panthers zone.
8:23 of 1st period - Nikita Kucherov is hit by Jakob Chychrun.
8:24 of 1st period - Minor Penalty to Alexander Wennberg for Hooking.
8:25 of 1st period - Eric Staal wins face-off versus Aleksander Barkov in Senators zone.
9:30 of 1st period - Colton Parayko is hit by Jakob Chychrun and loses puck.
9:55 of 1st period - Shot by Mark Scheifele.
9:55 of 1st period - Shot Misses the Net.
10:02 of 1st period - Minor Penalty to Vladimir Tarasenko for Tripping.
10:03 of 1st period - Aleksander Barkov wins face-off versus Eric Staal in Senators zone.
10:22 of 1st period - Shot by Alex Ovechkin.
10:22 of 1st period - Shot Misses the Net.
10:24 of 1st period - Shot by Aleksander Barkov.
10:24 of 1st period - Stopped by Petr Mrazek without a rebound.
10:25 of 1st period - Derek Ryan wins face-off versus Mark Scheifele in Senators zone.
10:40 of 1st period - Shot by Derek Ryan.
10:40 of 1st period - Shot Misses the Net.
10:42 of 1st period - Shot by William Karlsson.
10:42 of 1st period - Goal by William Karlsson - Senators : 1 - Panthers : 1.
10:43 of 1st period - William Karlsson wins face-off versus Aleksander Barkov in neutral zone.
12:22 of 1st period - Minor Penalty to Charlie McAvoy for High sticking.
12:23 of 1st period - William Karlsson wins face-off versus Derek Grant in Panthers zone.
12:45 of 1st period - Icing by William Karlsson.
12:46 of 1st period - Derek Grant wins face-off versus William Karlsson in Senators zone.
13:40 of 1st period - Shot by Mark Stone.
13:40 of 1st period - Stopped by Philipp Grubauer without a rebound.
13:41 of 1st period - Derek Grant wins face-off versus William Karlsson in Panthers zone.
13:51 of 1st period - Off-side.
13:52 of 1st period - Eric Staal wins face-off versus Derek Grant in neutral zone.
13:52 of 1st period - Alexander Wennberg is hit by Joel Armia and loses puck.
14:20 of 1st period - Shot by Eric Staal.
14:20 of 1st period - Stopped by Philipp Grubauer without a rebound.
14:21 of 1st period - Joel Armia wins face-off versus Vladimir Tarasenko in Panthers zone.
14:35 of 1st period - Aleksander Barkov is hit by Justin Falk and loses puck.
14:38 of 1st period - Shot by Nikita Kucherov.
14:38 of 1st period - Shot Misses the Net.
14:51 of 1st period - Shot by Aleksander Barkov.
14:51 of 1st period - Shot Misses the Net.
14:54 of 1st period - Nikita Kucherov is hit by Justin Falk.
15:29 of 1st period - Shot by Patrik Laine.
15:29 of 1st period - Shot Blocked by Jani Hakanpaa.
15:31 of 1st period - Shot by Colton Parayko.
15:31 of 1st period - Shot Misses the Net.
15:33 of 1st period - Shot by Matthew Tkachuk.
15:33 of 1st period - Stopped by Petr Mrazek with a rebound.
15:35 of 1st period - Shot by Samuel Girard.
15:35 of 1st period - Shot Blocked by Justin Falk.
15:44 of 1st period - Minor Penalty to Justin Falk for Roughing.
15:45 of 1st period - Mark Scheifele wins face-off versus Eric Staal in Senators zone.
17:06 of 1st period - Off-side.
17:07 of 1st period - Eric Staal wins face-off versus Mark Scheifele in neutral zone.
17:22 of 1st period - Shot by Samuel Girard.
17:22 of 1st period - Shot Misses the Net.
19:33 of 1st period - Shot by Alex Ovechkin.
19:33 of 1st period - Deflect By Nikita Kucherov.
19:33 of 1st period - Shot Misses the Net.
19:52 of 1st period - Off-side.
19:53 of 1st period - William Karlsson wins face-off versus Dylan Larkin in neutral zone.
Goals for this period are 1 for Senators vs 1 for Panthers.
Shots for this period are 8 for Senators vs 8 for Panthers.

2nd period


0:01 of 2nd period - Mark Scheifele wins face-off versus Eric Staal in neutral zone.
0:04 of 2nd period - Minor Penalty to Patrik Laine for Tripping.
0:05 of 2nd period - Eric Staal wins face-off versus Joel Armia in Panthers zone.
1:21 of 2nd period - Shot by William Karlsson.
1:21 of 2nd period - Stopped by Philipp Grubauer without a rebound.
1:22 of 2nd period - Derek Grant wins face-off versus William Karlsson in Panthers zone.
2:45 of 2nd period - Shot by Mark Scheifele.
2:45 of 2nd period - Stopped by Petr Mrazek without a rebound.
2:46 of 2nd period - Aleksander Barkov wins face-off versus Chris Wagner in Senators zone.
3:07 of 2nd period - Shot by Alex Ovechkin.
3:07 of 2nd period - Shot Misses the Net.
3:09 of 2nd period - Shot by Nikita Kucherov.
3:09 of 2nd period - Shot Misses the Net.
3:19 of 2nd period - Shot by Alex Ovechkin.
3:19 of 2nd period - Stopped by Petr Mrazek without a rebound.
3:20 of 2nd period - Matt Calvert wins face-off versus Eric Staal in Senators zone.
3:27 of 2nd period - Shot by Dylan Larkin.
3:27 of 2nd period - Shot Misses the Net.
3:45 of 2nd period - Shot by Dylan Larkin.
3:45 of 2nd period - Stopped by Petr Mrazek without a rebound.
3:46 of 2nd period - William Karlsson wins face-off versus Mark Scheifele in Senators zone.
4:21 of 2nd period - Shot by Vladimir Tarasenko.
4:21 of 2nd period - Shot Misses the Net.
4:23 of 2nd period - Shot by Connor Brown.
4:23 of 2nd period - Stopped by Philipp Grubauer with a rebound.
4:25 of 2nd period - Shot by Connor Brown.
4:25 of 2nd period - Shot Blocked by Matthew Tkachuk.
4:38 of 2nd period - Icing by Samuel Girard.
4:39 of 2nd period - Eric Staal wins face-off versus Mark Scheifele in Panthers zone.
4:43 of 2nd period - Shot by Eric Staal.
4:43 of 2nd period - Shot Blocked by Colton Parayko.
4:45 of 2nd period - Shot by Mark Stone.
4:45 of 2nd period - Shot Misses the Net.
4:47 of 2nd period - Shot by Mark Stone.
4:47 of 2nd period - Shot Misses the Net.
4:49 of 2nd period - Shot by Mark Stone.
4:49 of 2nd period - Shot Blocked by Mark Scheifele.
4:55 of 2nd period - Shot by Alexander Wennberg.
4:55 of 2nd period - Stopped by Philipp Grubauer without a rebound.
4:56 of 2nd period - Valtteri Filppula wins face-off versus Aleksander Barkov in Panthers zone.
4:57 of 2nd period - Shot by Vladislav Namestnikov.
4:57 of 2nd period - Stopped by Philipp Grubauer without a rebound.
4:58 of 2nd period - Aleksander Barkov wins face-off versus Eric Staal in Panthers zone.
5:17 of 2nd period - Shot by Nikita Kucherov.
5:17 of 2nd period - Deflect By Alex Ovechkin.
5:17 of 2nd period - Stopped by Petr Mrazek without a rebound.
5:18 of 2nd period - William Karlsson wins face-off versus Dylan Larkin in Senators zone.
5:39 of 2nd period - Shot by Matt Calvert.
5:39 of 2nd period - Deflect By Dylan Larkin.
5:39 of 2nd period - Shot Misses the Net.
5:51 of 2nd period - Shot by Vladimir Tarasenko.
5:51 of 2nd period - Deflect By Connor Brown.
5:51 of 2nd period - Goal by Connor Brown - Senators : 2 - Panthers : 1.
5:52 of 2nd period - Eric Staal wins face-off versus Aleksander Barkov in neutral zone.
6:13 of 2nd period - Shot by Mark Stone.
6:13 of 2nd period - Deflect By Eric Staal.
6:13 of 2nd period - Stopped by Philipp Grubauer without a rebound.
6:14 of 2nd period - Mark Scheifele wins face-off versus Valtteri Filppula in Panthers zone.
6:24 of 2nd period - Valtteri Filppula is hit by Colton Parayko and loses puck.
6:42 of 2nd period - Icing by Valtteri Filppula.
6:43 of 2nd period - Nikita Kucherov wins face-off versus Valtteri Filppula in Senators zone.
6:52 of 2nd period - Shot by Aleksander Barkov.
6:52 of 2nd period - Stopped by Petr Mrazek with a rebound.
7:58 of 2nd period - Shot by Mark Scheifele.
7:58 of 2nd period - Stopped by Petr Mrazek with a rebound.
8:04 of 2nd period - Shot by Patrik Laine.
8:04 of 2nd period - Stopped by Petr Mrazek without a rebound.
8:05 of 2nd period - William Karlsson wins face-off versus Dylan Larkin in Senators zone.
8:12 of 2nd period - Shot by Dylan Larkin.
8:12 of 2nd period - Shot Misses the Net.
9:15 of 2nd period - Shot by Aleksander Barkov.
9:15 of 2nd period - Shot Misses the Net.
9:25 of 2nd period - Shot by Aleksander Barkov.
9:25 of 2nd period - Deflect By Nikita Kucherov.
9:25 of 2nd period - Shot Misses the Net.
10:36 of 2nd period - Patrik Laine is hit by Mark Stone and loses puck.
11:09 of 2nd period - Off-side.
11:10 of 2nd period - Dylan Larkin wins face-off versus Valtteri Filppula in neutral zone.
11:13 of 2nd period - Minor Penalty to Matt Calvert for Tripping.
11:14 of 2nd period - William Karlsson wins face-off versus Derek Grant in Panthers zone.
11:17 of 2nd period - Shot by Jakob Chychrun.
11:17 of 2nd period - Stopped by Philipp Grubauer without a rebound.
11:18 of 2nd period - Derek Grant wins face-off versus Connor Brown in Panthers zone.
11:33 of 2nd period - Shot by Jakob Chychrun.
11:33 of 2nd period - Shot Misses the Net.
11:35 of 2nd period - Shot by Alex Goligoski.
11:35 of 2nd period - Goal by Alex Goligoski - Senators : 3 - Panthers : 1.
11:36 of 2nd period - Valtteri Filppula wins face-off versus Aleksander Barkov in neutral zone.
11:43 of 2nd period - Shot by Valtteri Filppula.
11:43 of 2nd period - Deflect By Vladislav Namestnikov.
11:43 of 2nd period - Shot Misses the Net.
11:57 of 2nd period - Charlie McAvoy is hit by Vladislav Namestnikov and loses puck.
12:16 of 2nd period - Shot by Nikita Kucherov.
12:16 of 2nd period - Stopped by Petr Mrazek without a rebound.
12:17 of 2nd period - Dylan Larkin wins face-off versus Eric Staal in Senators zone.
12:17 of 2nd period - Quinn Hughes is hit by Jakob Chychrun and loses puck.
12:45 of 2nd period - Minor Penalty to Matt Calvert for Unsportsmanlike conduct.
12:46 of 2nd period - Derek Grant wins face-off versus William Karlsson in Panthers zone.
12:46 of 2nd period - Derek Grant is hit by Vladimir Tarasenko.
12:56 of 2nd period - Shot by Connor Brown.
12:56 of 2nd period - Shot Misses the Net.
12:58 of 2nd period - Shot by Connor Brown.
12:58 of 2nd period - Shot Misses the Net.
13:00 of 2nd period - Shot by Connor Brown.
13:00 of 2nd period - Shot Misses the Net.
13:02 of 2nd period - Shot by William Karlsson.
13:02 of 2nd period - Stopped by Philipp Grubauer without a rebound.
13:03 of 2nd period - Mark Stone wins face-off versus Derek Grant in Panthers zone.
13:08 of 2nd period - Shot by Alex Goligoski.
13:08 of 2nd period - Stopped by Philipp Grubauer without a rebound.
13:09 of 2nd period - Derek Grant wins face-off versus Eric Staal in Panthers zone.
13:15 of 2nd period - Icing by Alex Goligoski.
13:16 of 2nd period - Derek Grant wins face-off versus Eric Staal in Senators zone.
13:25 of 2nd period - Shot by Alexander Wennberg.
13:25 of 2nd period - Stopped by Philipp Grubauer without a rebound.
13:26 of 2nd period - Derek Grant wins face-off versus Alexander Wennberg in Panthers zone.
13:57 of 2nd period - Shot by Mark Stone.
13:57 of 2nd period - Shot Misses the Net.
13:59 of 2nd period - Shot by Mark Stone.
13:59 of 2nd period - Shot Misses the Net.
14:01 of 2nd period - Shot by Jakob Chychrun.
14:01 of 2nd period - Shot Misses the Net.
14:03 of 2nd period - Shot by Alex Goligoski.
14:03 of 2nd period - Shot Blocked by Zdeno Chara.
14:05 of 2nd period - Shot by Alex Goligoski.
14:05 of 2nd period - Shot Blocked by Charlie McAvoy.
14:27 of 2nd period - Shot by William Karlsson.
14:27 of 2nd period - Shot Misses the Net.
15:15 of 2nd period - Shot by Mark Scheifele.
15:15 of 2nd period - Shot Blocked by Jani Hakanpaa.
15:17 of 2nd period - Shot by Mark Scheifele.
15:17 of 2nd period - Shot Misses the Net.
15:19 of 2nd period - Shot by Samuel Girard.
15:19 of 2nd period - Shot Misses the Net.
15:21 of 2nd period - Shot by Colton Parayko.
15:21 of 2nd period - Stopped by Petr Mrazek with a rebound.
15:23 of 2nd period - Shot by Matthew Tkachuk.
15:23 of 2nd period - Shot Misses the Net.
15:34 of 2nd period - Icing by Valtteri Filppula.
15:35 of 2nd period - Aleksander Barkov wins face-off versus Valtteri Filppula in Senators zone.
15:54 of 2nd period - Shot by Nikita Kucherov.
15:54 of 2nd period - Shot Misses the Net.
16:25 of 2nd period - Minor Penalty to Joe Thornton for Holding.
16:25 of 2nd period - Minor Penalty to Mark Stone for Holding.
16:26 of 2nd period - Eric Staal wins face-off versus Mark Scheifele in neutral zone.
16:33 of 2nd period - Shot by William Karlsson.
16:33 of 2nd period - Shot Blocked by Jeff Petry.
16:57 of 2nd period - Shot by Nikita Kucherov.
16:57 of 2nd period - Shot Misses the Net.
18:21 of 2nd period - Shot by Vladimir Tarasenko.
18:21 of 2nd period - Shot Misses the Net.
18:36 of 2nd period - Joe Thornton is hit by Justin Falk and loses puck.
18:39 of 2nd period - Shot by Derek Grant.
18:39 of 2nd period - Goal by Derek Grant - Senators : 3 - Panthers : 2.
18:40 of 2nd period - Vladislav Namestnikov wins face-off versus Matt Calvert in neutral zone.
18:58 of 2nd period - Shot by Vladislav Namestnikov.
18:58 of 2nd period - Shot Blocked by Zdeno Chara.
19:00 of 2nd period - Shot by Alexander Wennberg.
19:00 of 2nd period - Stopped by Philipp Grubauer without a rebound.
19:01 of 2nd period - Chris Wagner wins face-off versus Joe Thornton in Panthers zone.
19:06 of 2nd period - Shot by Filip Chytil.
19:06 of 2nd period - Shot Misses the Net.
19:08 of 2nd period - Shot by Alex Goligoski.
19:08 of 2nd period - Stopped by Philipp Grubauer without a rebound.
19:09 of 2nd period - Mark Scheifele wins face-off versus William Karlsson in Panthers zone.
19:09 of 2nd period - Mark Scheifele is hit by William Karlsson.
19:21 of 2nd period - Shot by William Karlsson.
19:21 of 2nd period - Stopped by Philipp Grubauer without a rebound.
19:22 of 2nd period - Eric Staal wins face-off versus Aleksander Barkov in Panthers zone.
19:31 of 2nd period - Shot by Eric Staal.
19:31 of 2nd period - Shot Misses the Net.
Goals for this period are 2 for Senators vs 1 for Panthers.
Shots for this period are 14 for Senators vs 10 for Panthers.

3rd period


0:01 of 3rd period - Eric Staal wins face-off versus Patrik Laine in neutral zone.
0:36 of 3rd period - Shot by Mark Scheifele.
0:36 of 3rd period - Goal by Mark Scheifele - Senators : 3 - Panthers : 3.
0:37 of 3rd period - Aleksander Barkov wins face-off versus William Karlsson in neutral zone.
1:10 of 3rd period - Shot by Aleksander Barkov.
1:10 of 3rd period - Shot Blocked by Mike Green.
1:41 of 3rd period - Icing by Colton Parayko.
1:42 of 3rd period - Aleksander Barkov wins face-off versus Eric Staal in Panthers zone.
3:24 of 3rd period - Dylan Larkin is hit by Justin Falk and loses puck.
3:59 of 3rd period - Shot by Derek Grant.
3:59 of 3rd period - Shot Misses the Net.
4:01 of 3rd period - Shot by Oskar Sundqvist.
4:01 of 3rd period - Shot Misses the Net.
4:13 of 3rd period - Quinn Hughes is hit by Vladislav Namestnikov.
4:27 of 3rd period - Shot by Nikita Kucherov.
4:27 of 3rd period - Stopped by Petr Mrazek without a rebound.
4:28 of 3rd period - Mark Scheifele wins face-off versus William Karlsson in Senators zone.
4:34 of 3rd period - Vladimir Tarasenko is hit by Zdeno Chara and loses puck.
4:49 of 3rd period - Shot by Vladimir Tarasenko.
4:49 of 3rd period - Stopped by Philipp Grubauer without a rebound.
4:50 of 3rd period - Eric Staal wins face-off versus Matt Calvert in Panthers zone.
4:50 of 3rd period - Alex Goligoski is hit by Jeff Petry and loses puck.
5:13 of 3rd period - Shot by Dylan Larkin.
5:13 of 3rd period - Deflect By Joel Armia.
5:13 of 3rd period - Shot Misses the Net.
5:15 of 3rd period - Shot by Quinn Hughes.
5:15 of 3rd period - Stopped by Petr Mrazek with a rebound.
5:27 of 3rd period - Shot by Dylan Larkin.
5:27 of 3rd period - Stopped by Petr Mrazek without a rebound.
5:28 of 3rd period - William Karlsson wins face-off versus Mark Scheifele in Senators zone.
5:28 of 3rd period - William Karlsson is hit by Matthew Tkachuk.
6:06 of 3rd period - Shot by Vladimir Tarasenko.
6:06 of 3rd period - Shot Misses the Net.
6:08 of 3rd period - Shot by Connor Brown.
6:08 of 3rd period - Shot Hit the Post.
6:19 of 3rd period - Filip Chytil is hit by Matthew Tkachuk and loses puck.
7:16 of 3rd period - Shot by Nikita Kucherov.
7:16 of 3rd period - Shot Blocked by Mark Stone.
8:03 of 3rd period - Shot by Valtteri Filppula.
8:03 of 3rd period - Shot Blocked by Zdeno Chara.
8:05 of 3rd period - Shot by Valtteri Filppula.
8:05 of 3rd period - Shot Blocked by Zdeno Chara.
8:07 of 3rd period - Shot by Valtteri Filppula.
8:07 of 3rd period - Stopped by Philipp Grubauer with a rebound.
9:09 of 3rd period - Icing by Jakob Chychrun.
9:10 of 3rd period - William Karlsson wins face-off versus Mark Scheifele in Senators zone.
9:10 of 3rd period - William Karlsson is hit by Patrik Laine.
10:10 of 3rd period - Icing by Justin Falk.
10:11 of 3rd period - Eric Staal wins face-off versus Nikita Kucherov in Senators zone.
10:11 of 3rd period - Eric Staal is hit by Alex Ovechkin.
10:18 of 3rd period - Icing by Alexander Wennberg.
10:19 of 3rd period - Aleksander Barkov wins face-off versus Eric Staal in Senators zone.
10:25 of 3rd period - Off-side.
10:26 of 3rd period - Eric Staal wins face-off versus Aleksander Barkov in neutral zone.
10:35 of 3rd period - Shot by Aleksander Barkov.
10:35 of 3rd period - Stopped by Petr Mrazek without a rebound.
10:36 of 3rd period - Dylan Larkin wins face-off versus Valtteri Filppula in Senators zone.
10:40 of 3rd period - Minor Penalty to Joel Armia for Tripping.
10:41 of 3rd period - Aleksander Barkov wins face-off versus Mark Stone in Panthers zone.
11:12 of 3rd period - Shot by Mark Stone.
11:12 of 3rd period - Shot Hit the Post.
11:51 of 3rd period - Shot by Charlie McAvoy.
11:51 of 3rd period - Shot Blocked by Alex Goligoski.
12:03 of 3rd period - Zdeno Chara is hit by Vladimir Tarasenko and loses puck.
12:56 of 3rd period - Derek Ryan is hit by Colton Parayko and loses puck.
13:13 of 3rd period - Shot by Vladislav Namestnikov.
13:13 of 3rd period - Shot Misses the Net.
13:33 of 3rd period - Mike Green is hit by Mark Scheifele and loses puck.
13:47 of 3rd period - Filip Chytil is hit by Jeff Petry.
14:14 of 3rd period - Dylan Larkin is hit by Robert Hagg.
14:18 of 3rd period - Shot by Dylan Larkin.
14:18 of 3rd period - Shot Blocked by Robert Hagg.
14:21 of 3rd period - Matt Calvert is hit by Mike Green and loses puck.
15:18 of 3rd period - Shot by Alex Ovechkin.
15:18 of 3rd period - Goal by Alex Ovechkin - Senators : 3 - Panthers : 4.
15:19 of 3rd period - Aleksander Barkov wins face-off versus William Karlsson in neutral zone.
15:42 of 3rd period - Shot by Connor Brown.
15:42 of 3rd period - Stopped by Philipp Grubauer without a rebound.
15:43 of 3rd period - Mark Scheifele wins face-off versus Eric Staal in Panthers zone.
15:54 of 3rd period - Icing by Samuel Girard.
15:55 of 3rd period - William Karlsson wins face-off versus Mark Scheifele in Panthers zone.
16:04 of 3rd period - Shot by Vladimir Tarasenko.
16:04 of 3rd period - Deflect By Connor Brown.
16:04 of 3rd period - Stopped by Philipp Grubauer without a rebound.
16:05 of 3rd period - Eric Staal wins face-off versus Aleksander Barkov in Panthers zone.
16:06 of 3rd period - Shot by Alexander Wennberg.
16:06 of 3rd period - Stopped by Philipp Grubauer without a rebound.
16:07 of 3rd period - Eric Staal wins face-off versus Mark Scheifele in Panthers zone.
16:07 of 3rd period - Eric Staal is hit by Jeff Petry.
16:19 of 3rd period - Shot by Alexander Wennberg.
16:19 of 3rd period - Stopped by Philipp Grubauer with a rebound.
16:21 of 3rd period - Shot by Alexander Wennberg.
16:21 of 3rd period - Deflect By Mark Stone.
16:21 of 3rd period - Shot Misses the Net.
16:23 of 3rd period - Shot by Mark Stone.
16:23 of 3rd period - Stopped by Philipp Grubauer without a rebound.
16:24 of 3rd period - William Karlsson wins face-off versus Aleksander Barkov in Panthers zone.
16:43 of 3rd period - Connor Brown is hit by Alex Ovechkin and loses puck.
16:49 of 3rd period - Alex Ovechkin is hit by Justin Falk and loses puck.
17:02 of 3rd period - Shot by Nikita Kucherov.
17:02 of 3rd period - Shot Misses the Net.
18:22 of 3rd period - Shot by Dylan Larkin.
18:22 of 3rd period - Stopped by Petr Mrazek without a rebound.
18:23 of 3rd period - Chris Wagner wins face-off versus Oskar Sundqvist in Senators zone.
18:37 of 3rd period - Shot by Paul Byron.
18:37 of 3rd period - Shot Misses the Net.
18:39 of 3rd period - Shot by Mike Green.
18:39 of 3rd period - Stopped by Philipp Grubauer without a rebound.
18:40 of 3rd period - Valtteri Filppula wins face-off versus Aleksander Barkov in Panthers zone.
19:44 of 3rd period - Senators, Petr Mrazek is pulled from the net.
19:52 of 3rd period - Shot by Mark Stone.
19:52 of 3rd period - Stopped by Philipp Grubauer without a rebound.
19:53 of 3rd period - Eric Staal wins face-off versus Aleksander Barkov in Panthers zone.
Goals for this period are 0 for Senators vs 2 for Panthers.
Shots for this period are 9 for Senators vs 7 for Panthers.